[Event "32nd NATO Championship 2022"]
[Site "Tartu"]
[Date "2022.06.28"]
[Round "2.4"]
[White "Aagaard, Gert"]
[Black "Wang, Eigen"]
[Result "0-1"]
[ECO "D02"]
[WhiteElo "1979"]
[BlackElo "2269"]
[Annotator "TA"]
[PlyCount "52"]
[EventDate "2022.06.27"]
[EventType "swiss"]
[EventCountry "EST"]
[SourceTitle "playchess.com"]
[Source "ChessBase"]
[SourceQuality "1"]
[TimeControl "5400+30"]

1. d4 Nf6 2. Bf4 g6 3. Nf3 Bg7 4. Nbd2 d5 5. e3 O-O 6. Ne5 {[%emt 0:00:00] D02: 1 d4 d5 2 Nf3 sidelines, including 2...Nf6 3 g3 and 2...Nf6 3 Bf4.} ({White should try} 6. c3 $11) 6... c5 7. c3 Nh5 8. Bd3 (8. dxc5 $11 Nxf4 9. exf4) 8... Nc6 (8... cxd4 $17 9. cxd4 Nxf4 10. exf4 Qd6) 9. Nxc6 $15 bxc6 {[%emt 0:00:05] [#]} 10. dxc5 $146 {[%emt 0:00:00] [#] Black keeps a firm grip on the game.} ({White should play} 10. Bg5 $15) ({Predecessor:} 10. Bg5 h6 11. Bh4 cxd4 12. exd4 Nf4 13. Qf3 Nxd3+ 14. Qxd3 a5 15. Qe3 Ba6 16. Nb3 {0-1 (26) Vasynda,O (1724)-Terletsky,O (2195) Chernivtsi 2021}) 10... e5 $1 $17 11. Bg3 f5 12. f3 Qg5 {[%emt 0:06:58] And now ...f4 would win.} 13. f4 (13. Bf2 $17 {was necessary.}) 13... exf4 $19 14. Bxf4 (14. exf4 {is the only way for White.} Nxf4 15. Nf3 Qe7+ 16. Kf1 Nxd3 17. Qxd3) 14... Nxf4 15. exf4 Re8+ ({Don't go for} 15... Qxg2 $2 16. Qf3 Re8+ 17. Kd1 Qxf3+ 18. Nxf3 $19) ({Avoid the trap} 15... Qxf4 $2 16. Qe2 $19) 16. Kf1 Qxf4+ 17. Nf3 Rb8 18. Rb1 a5 19. Qd2 $2 (19. Qc2) 19... Re3 {[%emt 0:00:54] Threatens to win with ...Rxf3+. Black is clearly winning.} 20. Rd1 Bh6 {[%emt 0:01:27][%cal Bg7h6,Bh6f4,Bf4g3][%mdl 32] ( -> ...Rxf3+)} 21. Qf2 {[%emt 0:00:00] [#]} Rxd3 $1 22. Rxd3 Ba6 23. Ne1 Rxb2 {[%emt 0:06:37][%csl Gb2][%cal Rf4f2][%mdl 64] Pin} 24. Qxf4 Bxf4 25. h4 Bg3 {[%emt 0:02:26] White must now prevent ...Rf2+.} 26. Rh3 f4 {[%emt 0:00:20] Weighted Error Value: White=1.14/Black=0.46} 0-1

[Event "32nd NATO Championship 2022"]
[Site "Tartu"]
[Date "2022.06.28"]
[Round "2.24"]
[White "Balmaceda, Enrico"]
[Black "Papler, Peter"]
[Result "1/2-1/2"]
[ECO "A53"]
[WhiteElo "1958"]
[BlackElo "1714"]
[Annotator "NA RC"]
[PlyCount "58"]
[EventDate "2022.06.27"]
[EventType "swiss"]
[EventCountry "EST"]
[SourceTitle "playchess.com"]
[Source "ChessBase"]
[SourceQuality "1"]
[TimeControl "5400+30"]

1. d4 Nf6 2. Bg5 d6 3. c4 Nbd7 4. Nc3 h6 5. Bh4 c6 6. Nf3 Qc7 7. e4 e5 8. Bxf6 (8. Be2 $14 {deserves consideration.}) 8... Nxf6 9. Be2 Be7 10. O-O O-O 11. Qd2 Rd8 12. d5 a6 13. a4 c5 14. Ra3 Qa5 15. Ne1 Re8 16. f4 Bf8 17. f5 Bd7 18. g4 Nh7 19. h4 Qd8 20. Nf3 (20. Ng2 $14) 20... Be7 21. Qe1 g5 22. fxg6 fxg6 23. Qg3 Rf8 24. Nd1 Rf4 25. Nf2 Qb6 26. Re3 (26. g5 $142) 26... Raf8 27. b3 Qd8 $19 28. Kg2 Nf6 29. Nh2 Kh7 1/2-1/2

[Event "32nd NATO Championship 2022"]
[Site "Tartu"]
[Date "2022.06.28"]
[Round "2.28"]
[White "Charles, Freddy"]
[Black "Csizmadia, Csaba"]
[Result "1-0"]
[ECO "D00"]
[WhiteElo "1728"]
[BlackElo "1875"]
[Annotator "NA RC"]
[PlyCount "89"]
[EventDate "2022.06.27"]
[EventType "swiss"]
[EventCountry "EST"]
[SourceTitle "playchess.com"]
[Source "ChessBase"]
[SourceQuality "1"]
[TimeControl "5400+30"]

1. d4 Nf6 2. Bf4 d5 3. e3 c5 4. Nc3 e6 5. Nb5 Na6 6. a4 Be7 7. h3 O-O 8. Nf3 c4 9. c3 Qb6 10. Ne5 Nd7 11. Qc2 Nxe5 12. Bxe5 Bd7 13. Na3 Rfc8 14. Be2 Qa5 15. Nb1 b5 16. O-O bxa4 17. Nd2 Qb6 18. Rfb1 Nc7 19. Bd1 Bb5 20. Qc1 Qc6 21. Bc2 f6 22. Bh2 Ne8 (22... Rab8 $11 {feels stronger.}) 23. Qd1 Nd6 24. Bxa4 a6 25. Bc2 Rf8 26. Qh5 f5 27. Be5 Nf7 28. f4 Nxe5 29. dxe5 Bc5 30. Qe2 Qb6 31. Kf2 {[%emt 0:01:08] [#]} (31. Re1 $11 {keeps the balance.}) 31... g5 $1 32. g3 gxf4 33. gxf4 {[%emt 0:00:14] [#]} Kh8 $1 34. Nf3 h6 (34... Rg8 $17 35. Rg1 Rxg1 36. Rxg1 Be8) 35. Nd4 Rg8 $2 (35... Ra7 $11 {and Black is okay.}) 36. Qh5 Kh7 (36... Bf8 $142 37. Qf7 Be8 38. Qf6+ Bg7 39. Qxe6 Qxe6 40. Nxe6 Bf7) 37. Qf7+ Rg7 38. Qxe6 Bxd4 39. Qxf5+ $2 (39. Bxf5+ $18 Kh8 40. exd4) 39... Kh8 $2 (39... Kg8 $1 $11 40. exd4 (40. cxd4 Rf8 $11) 40... Rf8) 40. exd4 Bd7 41. Qh5 ({Weaker is} 41. Qf6 Qxf6 42. exf6 Rf7 $18) 41... Rf8 42. Rg1 Rxf4+ 43. Ke3 Rgf7 44. Rg3 $2 ({Stronger than} 44. Rg6 Rf3+ 45. Qxf3 Rxf3+ 46. Kxf3 Qxb2 $11) ({White should play} 44. Qg6 $18 Qxg6 45. Bxg6 (45. Rxg6 $2 {is the wrong capture.} Rf3+ 46. Kd2 Rf2+ 47. Kc1 Rxc2+ 48. Kxc2 Bf5+ 49. Kc1 Bxg6 $19) 45... Rf3+ 46. Ke2) 44... Bf5 45. Qxf7 1-0

[Event "32nd NATO Championship 2022"]
[Site "Tartu"]
[Date "2022.06.28"]
[Round "2.29"]
[White "Heran-Boily, Samuel"]
[Black "Voroblievas, Arturas"]
[Result "1/2-1/2"]
[ECO "C78"]
[WhiteElo "1871"]
[BlackElo "1740"]
[Annotator "NA RC"]
[PlyCount "142"]
[EventDate "2022.06.27"]
[EventType "swiss"]
[EventCountry "EST"]
[SourceTitle "playchess.com"]
[Source "ChessBase"]
[SourceQuality "1"]
[TimeControl "5400+30"]

1. e4 e5 2. Nf3 Nc6 3. Bb5 a6 4. Ba4 Nf6 5. d3 b5 6. Bb3 Bc5 7. O-O {[%emt 0:00:12] 7.c3 might become the main line.} h6 8. c3 O-O 9. Re1 d6 10. Nbd2 Ng4 11. Re2 {[%emt 0:00:25] [#]} Na5 $146 ({Predecessor:} 11... Kh8 12. Nf1 f5 13. Bd5 Bd7 14. exf5 Rxf5 15. Ng3 Rf8 16. d4 exd4 17. Nxd4 Bxd4 18. cxd4 {1-0 (54) Potapov,P (2516)-Warmerdam,M (2433) Skopje 2018}) 12. Bc2 Nc6 13. h3 Nf6 14. Nf1 Nh5 15. Re1 Bb6 16. Nxe5 Qh4 17. Nf3 Qxf2+ 18. Kh2 Ne5 19. Nd4 Bxd4 20. cxd4 Nf3+ 21. Qxf3 Qxe1 22. e5 Bb7 23. Qxh5 Qxf1 24. Qg4 f5 25. Qg6 f4 26. Bb3+ d5 27. Qg4 Rae8 28. Qf3 Qxf3 29. gxf3 c6 30. Bd2 Bc8 31. Rc1 Bd7 32. Rg1 Kh7 33. Rc1 Rf5 34. Rg1 Rh5 35. Bxf4 Rf8 36. Bg3 Bxh3 37. Rc1 Bd7+ 38. Kg2 Rg5 39. Bd1 Rf4 40. Kf2 Rxd4 41. f4 Rf5 42. Ke3 Rb4 43. b3 g5 44. d4 gxf4+ 45. Bxf4 c5 46. Rxc5 Rxf4 47. Kxf4 Rxd4+ 48. Ke3 Rxd1 49. Rc7 Kg6 50. Rxd7 Kf5 51. Rd6 Kxe5 52. Rxh6 a5 53. Ra6 a4 54. bxa4 bxa4 55. Rxa4 Rh1 56. Ra8 Rh3+ 57. Kd2 Kd4 58. Ra4+ Kc5 59. Ra5+ Kc4 $11 60. Ra4+ Kb5 61. Ra8 Kb4 62. Rb8+ Kc4 63. Ra8 d4 64. Rc8+ Kb4 65. Rd8 Kc4 66. Rc8+ Kd5 67. Rd8+ Kc5 68. Rc8+ Kb4 69. Rd8 Kc5 70. Rc8+ Kd6 71. Rd8+ Kc5 1/2-1/2

[Event "32nd NATO Championship 2022"]
[Site "Tartu"]
[Date "2022.06.28"]
[Round "2.31"]
[White "Korge, Kersti"]
[Black "Stuhr, Finn"]
[Result "0-1"]
[ECO "A00"]
[WhiteElo "1864"]
[BlackElo "1667"]
[Annotator "NA RC"]
[PlyCount "64"]
[EventDate "2022.06.27"]
[EventType "swiss"]
[EventCountry "EST"]
[SourceTitle "playchess.com"]
[Source "ChessBase"]
[SourceQuality "1"]
[TimeControl "5400+30"]

1. b4 b6 2. Bb2 Bb7 3. e3 e6 4. b5 d6 5. Nf3 Nd7 6. Be2 Ngf6 7. O-O g6 8. c4 Bg7 9. d4 O-O 10. Nc3 Re8 11. Qc2 e5 12. d5 Nc5 13. Nd2 Bc8 14. e4 Bh6 15. Nb3 Nb7 (15... Nfd7 $11) 16. Bc1 Bxc1 17. Qxc1 Bg4 (17... Nd7 $11) 18. Bxg4 (18. f3 $5 Bc8 19. f4 $14) 18... Nxg4 19. h3 Nf6 20. Qe3 Nh5 (20... Nd7 $15) 21. g3 Qd7 22. Kg2 f5 23. Qg5 (23. exf5 $11 Qxf5 24. Qf3) 23... Rf8 ({Black should try} 23... f4 $15) 24. exf5 Rxf5 25. Qe3 Raf8 (25... a5 $11 {was preferrable.}) 26. Ne4 (26. f3 $1 $14) 26... Rf3 27. Qh6 R3f5 28. g4 (28. Ng5 $1 $11) 28... Nf4+ 29. Kh2 {[%emt 0:00:09] [#]} Rh5 $3 30. Qxf4 Rxf4 31. f3 {[%emt 0:01:46] [#]} Rxe4 $19 32. fxe4 Qxg4 0-1

[Event "32nd NATO Championship 2022"]
[Site "Tartu"]
[Date "2022.06.28"]
[Round "2.32"]
[White "Coulon, Dominic"]
[Black "Giedraitis, Mingaudas"]
[Result "0-1"]
[ECO "D03"]
[WhiteElo "1701"]
[BlackElo "1846"]
[Annotator "NA RC"]
[PlyCount "54"]
[EventDate "2022.06.27"]
[EventType "swiss"]
[EventCountry "EST"]
[SourceTitle "playchess.com"]
[Source "ChessBase"]
[SourceQuality "1"]
[TimeControl "5400+30"]

1. d4 d5 2. Nf3 Nf6 3. Bg5 c6 4. Nbd2 Qb6 5. Bxf6 exf6 6. Rb1 Bf5 7. e3 Bd6 8. Nh4 Bd7 9. Bd3 g6 10. c3 O-O 11. O-O f5 12. f4 Bc8 13. Rf3 Qd8 14. Rh3 f6 15. Qc2 Be6 16. Rg3 Kf7 $16 (16... Kh8 $1 $11 {keeps the balance.}) 17. Nxf5 gxf5 18. Bxf5 Qd7 19. Bxh7 f5 20. Nf3 Ke8 21. Ng5 Be7 22. Nxe6 Qxe6 23. Bg6+ Kd8 24. Bh5 Nd7 25. Bf3 Qxe3+ 26. Kh1 Qxf4 27. Re1 Nf6 0-1

[Event "32nd NATO Championship 2022"]
[Site "Tartu"]
[Date "2022.06.28"]
[Round "2.35"]
[White "O`Byrne, Daniel"]
[Black "Kocur, Marc"]
[Result "1-0"]
[ECO "B00"]
[WhiteElo "1664"]
[BlackElo "1829"]
[Annotator "NA RC"]
[PlyCount "93"]
[EventDate "2022.06.27"]
[EventType "swiss"]
[EventCountry "EST"]
[SourceTitle "playchess.com"]
[Source "ChessBase"]
[SourceQuality "1"]
[TimeControl "5400+30"]

1. e4 Nc6 2. d4 d5 3. e5 Bf5 4. c3 e6 5. Ne2 f6 6. f4 Nh6 7. Ng3 Bxb1 8. Rxb1 f5 9. Qb3 Na5 {[%emt 0:05:25] [#]} 10. Qa4+ $1 c6 {[%emt 0:02:29] [#]} 11. b4 $1 Nc4 12. b5 Qa5 13. Qxa5 Nxa5 14. bxc6 bxc6 15. Nh5 Kf7 16. Bd2 Be7 17. Bd3 Rhb8 18. O-O c5 19. h3 Ng8 20. Ng3 g6 21. Ne2 c4 22. Bc2 Ba3 23. Rxb8 Rxb8 24. Rb1 $1 Rb6 25. Bc1 Bxc1 26. Nxc1 h6 27. Kf2 Ne7 28. Rxb6 axb6 29. Ba4 Nc8 30. Ke2 Na7 31. Bc2 Nb5 32. Kd2 Na3 33. Ne2 (33. Ba4 $14) 33... b5 34. Kc1 Nc6 $2 (34... Nxc2 $11 {and Black is okay.} 35. Kxc2 Nc6) 35. Bd1 b4 36. Ba4 Na7 37. cxb4 N3b5 38. Bxb5 Nxb5 39. a4 Nc7 40. Nc3 g5 41. g3 gxf4 42. gxf4 Kg6 43. b5 Kh5 44. a5 Kh4 45. b6 Na6 46. Nxd5 Kxh3 $18 47. Nc7 1-0

[Event "32nd NATO Championship 2022"]
[Site "Tartu"]
[Date "2022.06.28"]
[Round "2.36"]
[White "Rosseel, Kimball"]
[Black "Chapman, Chas"]
[Result "1-0"]
[ECO "E14"]
[WhiteElo "1822"]
[BlackElo "1646"]
[Annotator "NA RC"]
[PlyCount "67"]
[EventDate "2022.06.27"]
[EventType "swiss"]
[EventCountry "EST"]
[SourceTitle "playchess.com"]
[Source "ChessBase"]
[SourceQuality "1"]
[TimeControl "5400+30"]

1. d4 Nf6 2. Nf3 d5 3. e3 e6 4. Bd3 Be7 5. O-O O-O 6. b3 b6 7. Bb2 Bb7 8. c4 dxc4 9. bxc4 c5 10. Nbd2 cxd4 11. exd4 Nc6 12. Rc1 Rc8 13. Qe2 Nb4 14. Bb1 Qd6 (14... Nc6 $11 {remains equal.}) 15. Ne5 Nc6 16. Ndf3 Rc7 (16... Nh5 $14) 17. Rfd1 (17. d5 $16 Nd8 18. Rfd1) 17... Qd8 $2 {[%emt 0:03:07] [#]} (17... Na5 $14) 18. a3 $2 (18. Ng5 $1 $18) 18... Qc8 19. Nxc6 Bxc6 20. Ne5 Bb7 21. Rc3 Qa8 22. f3 Nd7 23. Qc2 g6 $11 24. Qe2 Bf6 25. f4 Nxe5 26. fxe5 Bg7 27. Bc1 f6 28. exf6 Bxf6 29. Qxe6+ Kg7 30. Qh3 Be4 31. Bh6+ Kg8 32. Qe6+ Rff7 33. Bxe4 Rce7 34. Qxf7+ 1-0

[Event "32nd NATO Championship 2022"]
[Site "Tartu"]
[Date "2022.06.28"]
[Round "2.37"]
[White "Windey, Luc"]
[Black "Forsythe, William Bradley"]
[Result "1-0"]
[ECO "A48"]
[WhiteElo "1635"]
[BlackElo "1608"]
[Annotator "NA RC"]
[PlyCount "67"]
[EventDate "2022.06.27"]
[EventType "swiss"]
[EventCountry "EST"]
[SourceTitle "playchess.com"]
[Source "ChessBase"]
[SourceQuality "1"]
[TimeControl "5400+30"]

1. d4 Nf6 2. Nf3 d6 3. Bf4 g6 4. e3 Bg7 5. c3 Nbd7 6. Nbd2 O-O 7. Bc4 c5 8. O-O a6 9. a4 b6 10. Re1 Bb7 11. e4 cxd4 12. cxd4 d5 13. Bd3 dxe4 14. Nxe4 Nd5 15. Bg3 N7f6 16. Be5 Nb4 17. Nxf6+ exf6 18. Bg3 Nxd3 19. Qxd3 Bxf3 20. gxf3 Qd7 21. b3 Rfd8 22. Rad1 b5 23. axb5 axb5 24. Re2 Ra6 25. Rc2 f5 26. d5 Ra1 27. Rxa1 Bxa1 28. Rc5 b4 29. Bc7 Re8 30. Qb5 Re1+ 31. Kg2 Qe7 32. Qxb4 Re2 33. Bg3 Be5 34. Rc8+ 1-0

[Event "32nd NATO Championship 2022"]
[Site "Tartu"]
[Date "2022.06.28"]
[Round "2.45"]
[White "Jansen, Lyle John"]
[Black "Moulton, Richard"]
[Result "0-1"]
[ECO "A01"]
[WhiteElo "1470"]
[BlackElo "1766"]
[Annotator "NA RC"]
[PlyCount "88"]
[EventDate "2022.06.27"]
[EventType "swiss"]
[EventCountry "EST"]
[SourceTitle "playchess.com"]
[Source "ChessBase"]
[SourceQuality "1"]
[TimeControl "5400+30"]

1. b3 e5 2. Bb2 Nc6 3. Nf3 d6 4. e3 Bd7 5. Bb5 f5 6. O-O Nf6 7. d3 Qe7 8. Nbd2 O-O-O 9. Qe2 Rg8 10. a4 g5 11. h3 g4 12. hxg4 Rxg4 13. e4 Qg7 14. g3 f4 15. Nh2 Rg6 16. Kh1 fxg3 17. fxg3 Rxg3 18. Rg1 Be7 19. Qf2 Rg8 20. Bxc6 Rxg1+ 21. Rxg1 Qxg1+ 22. Qxg1 Rxg1+ 23. Kxg1 Bxc6 24. Nc4 b6 25. Bc1 Bd7 26. Nf3 Bg4 27. Kg2 Kd7 28. Ng5 h5 29. Kg3 Ne8 30. Be3 Bd1 31. Na3 d5 32. Nb5 a6 33. Nc3 Bxc2 34. Nxd5 Bxb3 35. Nc3 Bxg5 36. Bxg5 Bc2 37. Kh4 Bxd3 38. Kxh5 Ng7+ 39. Kg6 Ne6 40. Bf6 Nc5 41. Kf5 b5 42. axb5 axb5 43. Bxe5 b4 44. Nd5 Bxe4+ 0-1

[Event "32nd NATO Championship 2022"]
[Site "Tartu"]
[Date "2022.06.28"]
[Round "3.1"]
[White "Graczyk, Damian"]
[Black "Stein, Robert"]
[Result "0-1"]
[ECO "D31"]
[WhiteElo "2151"]
[BlackElo "2365"]
[Annotator "TA"]
[PlyCount "112"]
[EventDate "2022.06.27"]
[EventType "swiss"]
[EventCountry "EST"]
[SourceTitle "playchess.com"]
[Source "ChessBase"]
[SourceQuality "1"]
[TimeControl "5400+30"]

1. d4 d5 2. Nf3 e6 3. c4 a6 4. cxd5 exd5 5. Nc3 h6 6. Bf4 {[%emt 0:04:05] D31: Queen's Gambit Declined: Semi-Slav without ...Nf6 (+ Marshall Gambit and Noteboom) and Exchange Variation lines without ...Nf6.} Nf6 7. e3 Bd6 8. Bxd6 {[%emt 0:02:52] White has an edge.} Qxd6 9. Qc2 O-O 10. Bd3 Bg4 11. Ne5 c5 (11... Be6 $11 {might be stronger.}) 12. Nxg4 $16 Nxg4 13. dxc5 Qxc5 {[%emt 0:00:23] [#]} 14. Ne2 $146 ({Predecessor:} 14. Rd1 Rd8 15. Be2 Nf6 16. O-O Nc6 17. Qf5 Qb4 18. Nxd5 Rxd5 19. Rxd5 Ne7 {0-1 (19) Gordievsky,D (2559)-Fedoseev,V (2678) Chess.com INT 2020}) 14... Qd6 15. h3 Ne5 16. O-O Nbc6 17. a3 {[%emt 0:00:43] Inhibits Nb4.} Rac8 18. Qd2 Rfd8 19. Rfd1 Qf6 20. Nd4 Nxd4 21. exd4 Nc6 22. Be2 Re8 23. Bf3 {[%emt 0:00:21] Black keeps a firm grip on the game.} (23. Rac1 $15) 23... Nxd4 $1 $17 {[%emt 0:01:57] Black is more active.} 24. Qxd4 {[%emt 0:07:53] [#]} (24. Bxd5 $17 Ne2+ 25. Kh2 (25. Kh1 $2 Qxf2 26. Qb4 Re3 $19)) 24... Re1+ $3 $19 25. Kh2 Qxd4 {[%emt 0:00:07][%mdl 64] Deflection} 26. Rxd4 Rxa1 27. Rxd5 {[%emt 0:00:02][%mdl 4096] Endgame KRR-KRB} Rac1 28. Rd7 b5 {[%emt 0:03:18] Strongly threatening ...R1c2.} 29. Bb7 Rb8 30. Bd5 Rc2 31. Rxf7 Kh8 32. Ra7 Rxb2 33. Rxa6 Rxf2 34. Ra5 Rc2 35. Be4 Rc3 36. Bf5 Rc7 37. Bd3 {[%emt 0:00:44] [#]} Rcb7 $1 38. Be4 {[%emt 0:02:36] [#]} Rb6 39. Bf3 g6 40. h4 Kg7 41. Kg3 Kf6 42. h5 (42. Be2 {might work better.}) 42... g5 43. Ra7 Ke5 44. Kg4 Rd8 {[%emt 0:00:14] Hoping for ...Rd4+.} 45. Re7+ Kd4 46. Re1 (46. g3 $142) 46... Kc3 47. Rb1 Rd4+ 48. Kf5 Kc2 49. Re1 Kb2 50. Re7 $2 (50. Re2+ Kxa3 51. Ke5) 50... Kxa3 {[%emt 0:00:17] aiming for ...b4.} 51. Ke5 Rdd6 52. Bd5 b4 53. Be4 b3 54. Ra7+ Kb4 {[%emt 0:00:37] ( -> ...Re6+)} 55. Rg7 Re6+ 56. Kf5 {[%emt 0:00:13] [#]} Rxe4 $1 {[%emt 0:00:01] Weighted Error Value: White=0.56/Black=0.11 (very precise)} 0-1

[Event "32nd NATO Championship 2022"]
[Site "Tartu"]
[Date "2022.06.28"]
[Round "3.2"]
[White "Pedersen, Finn"]
[Black "Bohn, Ulrich"]
[Result "1/2-1/2"]
[ECO "A41"]
[WhiteElo "2300"]
[BlackElo "2168"]
[Annotator "TA"]
[PlyCount "67"]
[EventDate "2022.06.27"]
[EventType "swiss"]
[EventCountry "EST"]
[SourceTitle "playchess.com"]
[Source "ChessBase"]
[SourceQuality "1"]
[TimeControl "5400+30"]

1. Nf3 g6 2. d4 Bg7 3. c3 d6 4. Bf4 Nd7 5. e4 e5 6. dxe5 {[%emt 0:00:18] A41: 1 d4 d6: Tartakower System and Modern Defence.} (6. Bg3 {seems wilder.} Ngf6 7. Nbd2 O-O 8. Bd3) 6... Nxe5 7. Nxe5 dxe5 8. Qxd8+ Kxd8 9. Be3 Be6 10. Nd2 Bh6 11. Bxh6 Nxh6 12. Bc4 Ke7 13. Bxe6 Kxe6 14. f3 Rad8 {[%emt 0:01:36] [#]} 15. Ke2 $146 ({Predecessor:} 15. O-O-O f6 16. Nc4 Nf7 17. Rxd8 Rxd8 18. Rd1 Rf8 19. Kd2 f5 20. exf5+ gxf5 21. Re1 {0-1 (51) Sole Gonzalez,E (1999)-Parals Marce,L (2071) Barcelona 2018}) 15... Rd7 16. Nb3 {[%emt 0:01:06] [#] Strongly threatening Nc5+.} b6 {[%emt 0:00:11] Against Nc5+} 17. Rhd1 Rhd8 18. Rxd7 Rxd7 $11 {[%emt 0:00:01][%mdl 4096] Endgame KRN-KRN} 19. a4 a5 20. Nd2 Ng8 21. b4 axb4 22. cxb4 Ne7 $1 23. Rc1 Rd4 $1 24. Nc4 c6 (24... f5 $14) 25. b5 ({Don't do} 25. Nxb6 Rxb4 26. a5 Rb2+ 27. Kd3 Ra2 $14) (25. a5 $16 bxa5 26. bxa5) 25... cxb5 {[%emt 0:03:35] The position is equal.} 26. axb5 f5 27. Ke3 fxe4 28. fxe4 Nc8 29. h4 Na7 30. Nxb6 {[%emt 0:00:43] [#] Rb1 is the strong threat.} Nxb5 31. Nc4 Nd6 32. Nxd6 Rxd6 33. Rc7 h5 34. Rc3 {[%emt 0:03:02] Weighted Error Value: White=0.11 (very precise) /Black=0.06 (flawless)} 1/2-1/2

[Event "32nd NATO Championship 2022"]
[Site "Tartu"]
[Date "2022.06.28"]
[Round "3.3"]
[White "Keough, Robert"]
[Black "Pavlidis, Anastasios"]
[Result "0-1"]
[ECO "B07"]
[WhiteElo "2074"]
[BlackElo "2296"]
[Annotator "TA"]
[PlyCount "86"]
[EventDate "2022.06.27"]
[EventType "swiss"]
[EventCountry "EST"]
[SourceTitle "playchess.com"]
[Source "ChessBase"]
[SourceQuality "1"]
[TimeControl "5400+30"]

1. e4 d6 2. d4 Nf6 3. Nc3 Nbd7 4. f4 e5 5. Nf3 exd4 6. Qxd4 c6 7. Be2 {[%emt 0:09:47] 7.Bd2 gains popularity. B07: Pirc Defence: Miscellaneous Systems.} d5 8. exd5 Bc5 9. Qd3 {[%emt 0:01:44] The position is equal.} O-O 10. d6 {[%emt 0:09:46] [#]} ({White should play} 10. dxc6 $11 bxc6 11. Bd2) 10... Nb6 $146 (10... Re8 {is more complex.} 11. Bd2 Re6 12. f5 Rxd6 13. Qc4 b5) ({Predecessor:} 10... Re8 11. Na4 Qa5+ 12. Nc3 Ng4 13. Rf1 Ne3 14. Rf2 Nd5 15. Rf1 Bxd6 16. Nd4 Nc5 {½-½ (24) Watson,S-Morrison,M (1756) Bournemouth 2016}) 11. Be3 Bxe3 12. Qxe3 Qxd6 13. Ne5 (13. Qe5 $11 Qd8 14. Qd4) 13... Nfd5 14. Qd2 f6 15. Nxd5 Qxd5 16. Qxd5+ Nxd5 17. Nd3 {[%emt 0:00:53] [#]} Ne3 $1 18. Kd2 Nxg2 {[%emt 0:01:48] Black is more active.} 19. h4 Bf5 20. Rh2 Bxd3 21. Rxg2 {[%emt 0:00:06] [#]} Bxe2 22. Rxe2 $17 {[%emt 0:05:16][%mdl 4096] Endgame KRR-KRR} Rfe8 23. Rg2 $2 {[%emt 0:02:05] Loses the game.} (23. h5 $17) 23... Rad8+ $19 24. Kc3 Re3+ 25. Kb4 Re4+ 26. c4 Rxf4 27. Re1 Rd7 {[%emt 0:05:17] Inhibits Re7.} 28. Re8+ Kf7 29. Ra8 b6 30. h5 Rh4 31. h6 Rxh6 {[%emt 0:00:20] Black is clearly winning.} 32. Rc8 c5+ 33. Kb5 f5 34. Re2 f4 35. Ree8 Rf6 {[%emt 0:00:16] ...f3 is the strong threat.} 36. a4 f3 {[%emt 0:01:16] And now ...f2 would win.} 37. Re1 f2 38. Rf1 Re7 {[%emt 0:00:26] Strongly threatening ...Re1.} 39. a5 Re1 40. Rc7+ Kg6 41. Rxf2 Rxf2 42. axb6 Rxb2+ 43. Kxc5 axb6+ {[%emt 0:00:10] Weighted Error Value: White=0.53/Black=0.04 (flawless)} 0-1

[Event "32nd NATO Championship 2022"]
[Site "Tartu"]
[Date "2022.06.28"]
[Round "3.4"]
[White "Wang, Eigen"]
[Black "Pavlidou, Ekaterini"]
[Result "1-0"]
[ECO "E52"]
[WhiteElo "2269"]
[BlackElo "2171"]
[Annotator "TA"]
[PlyCount "55"]
[EventDate "2022.06.27"]
[EventType "swiss"]
[EventCountry "EST"]
[SourceTitle "playchess.com"]
[Source "ChessBase"]
[SourceQuality "1"]
[TimeControl "5400+30"]

1. d4 Nf6 2. c4 e6 3. Nc3 Bb4 4. Bd2 O-O 5. e3 b6 6. Nf3 Bb7 7. Bd3 d5 8. cxd5 $1 {[%emt 0:00:56] 8.cxd5 is better than 8.0-0.} exd5 9. Ne5 {[%emt 0:00:58] E52: Nimzo-Indian: Rubinstein: 4...0-0 5 Nf3 d5 6 Bd3 b6.} a6 10. O-O Nbd7 11. f4 {[%emt 0:02:03] White has an edge.} c5 12. a3 Bxc3 13. Bxc3 c4 14. Bf5 Re8 {[%emt 0:03:23] [#]} 15. g4 $146 ({Predecessor:} 15. Bxd7 Nxd7 16. Qh5 Rf8 17. Nxd7 Qxd7 18. f5 f6 19. Rf3 {½-½ (19) Ilivitzki,G-Vladimirov,B Sverdlovsk 1957}) 15... Nf8 (15... Bc8 $14) 16. g5 $16 {[%emt 0:02:18] White is much more active.} Ne4 (16... N6d7 $16) 17. Bxe4 $18 dxe4 {[%emt 0:00:02] [#]} 18. d5 ({Don't take} 18. Nxc4 $6 Rc8 $16) (18. Qh5 $1 $18 {[%cal Rh5f7] is more deadly.} Re7 19. f5 (19. Nxc4 Bd5 $16)) 18... b5 ({Black should try} 18... Qxd5 19. Qh5 Re7) 19. Qh5 Bxd5 (19... Qxd5 $16 {might work better.} 20. Rad1 Rxe5) 20. Rad1 {[%emt 0:01:07] And now Ng4 would win.} Rxe5 21. Bxe5 {[%emt 0:00:19] Strongly threatening Bc3.} ({Not} 21. fxe5 Qd7 $16) 21... Ra7 22. Rd2 $40 {[%emt 0:04:04][%mdl 128] Black is in trouble.} Rd7 23. Rfd1 Ng6 (23... a5 $142 24. Bc3 Be6) 24. Bc3 Ne7 (24... Nf8 $142 25. f5 a5) 25. Qg4 {[%emt 0:03:15] White is clearly winning.} Qc7 (25... Qe8 $142 26. f5 Bc6 27. Rxd7 Bxd7) 26. Bb4 Qa7 27. Bxe7 Qxe3+ 28. Kf1 {[%emt 0:01:28] Weighted Error Value: White=0.31/Black=0.60} 1-0